[Event "Early-Titled-Tuesday-Blitz-April-16-2024"]
[Site "Chess.com"]
[Date "2024.04.16"]
[Round "4"]
[White "xasid81"]
[Black "KanalSzachowy"]
[Result "1-0"]
[WhiteElo "2627"]
[BlackElo "2417"]
[TimeControl "180+1"]
[EndTime "8:41:24 PDT"]
[Termination "xasid81 won by resignation"]

1. f4 Nh6 2. Nf3 d5 3. g3 g6 4. Bg2 Bg7 5. O-O O-O 6. d3 d4 7.
c3 Nc6 8. cxd4 Nxd4 9. Nc3 c5 10.
e3 Nxf3+ 11. Bxf3 Bf5 12. Bxb7 Rb8 13. Be4 Bh3 14. Bg2 Bg4 15. Qc2 Bf5 16. e4 Bd4+ 17.
Kh1 Be6 18. h3 Qc8 19. Kh2 c4 20. f5 gxf5 21. Bxh6 fxe4 22. Bxf8 exd3 23. Qd2 Qxf8 24.
Rae1 Qg7 25. Nd1 Be5 26. Qe3 Bd6 27. Rf3 a5 28. Qf2 a4 29. a3 h5 30. Kh1 Bd5 31. Rfe3 Qd4 32. Bxd5 Qxd5+ 33. Qg2 Qf5 34. Rf1 Qc5 35.
Ref3 f6 36. Rf5 Be5 37. Rxh5 Kf7 38. Qe4 Ke6 39. Rxe5+ fxe5 40. Qf5+ Kd6 41. Nc3 Qd4 42. Ne4+ Kc7 43. Qh7 Kd7 44. Nf6+ Kc6 45. Qxe7 Rxb2 46. Qe6+ Kb7 47. Qf5 c3 48. Ne4 c2 49. Qh7+ Kb6 50.
Rf6+ Kb5 51. Qb7+ Kc4 52. Rc6+ Qc5 53. Rxc5+ Kd4 54. Qd5+ Ke3 55. Nd2 Rb1+ 56. Kg2 Kxd2 57. Qxe5 c1=Q 58. Qf4+ Kd1 59. Rxc1+ Rxc1 60. Qf3+ Kc2 61.
Qe4 Rd1 62. h4 Rd2+ 63. Kf3 Re2 64. Qxe2+ dxe2 65. Kxe2 Kb3 66. h5 Kxa3 67. h6 Kb2 68. h7 a3 69. h8=Q+ Kb1 70. g4 a2 71. Qc3 a1=Q 72.
Qxa1+ Kc2 73. g5 Kb3 74. g6 Kc4 75. Qe5 Kb4 76. Qe3 Kc4 77. g7 Kd5 78. g8=Q+ Kc6 79. Qg4 Kb5 80. Qeg5+ Kc6 81. Q4h4 Kd6 82. Qhh6+ 1-0

[Event "Early-Titled-Tuesday-Blitz-April-16-2024"]
[Site "Chess.com"]
[Date "2024.04.16"]
[Round "4"]
[White "vedantgoswami"]
[Black "CristianS27"]
[Result "0-1"]
[WhiteElo "2328"]
[BlackElo "2531"]
[TimeControl "180+1"]
[EndTime "8:41:24 PDT"]
[Termination "CristianS27 won on time"]

1. d4 Nf6 2. Bf4 c5 3. c3 cxd4 4. cxd4 Nc6 5. e3 Qb6 6. Qb3 Qxb3 7. axb3 d6 8. Nc3 e5 9. dxe5 dxe5 10. Bg5 Bb4 11. Bxf6 gxf6 12. Bc4 Be6 13. Ne2 Rg8 14. O-O O-O-O 15. Rfd1 Na5 16. Nd5 Nxc4 17. bxc4 Bc5 18.
Nec3 Kb8 19. Nxf6 Rxd1+ 20. Rxd1 Rg6 21. Nfd5 a6 22. b4 Bf8 23. c5 a5 24. bxa5 Bxc5 25.
Ne4 Ba3 26. Rd3 Bf8 27. f4 Bf5 28. Ndc3 Bb4 29. Rd8+ Kc7 30. Re8 exf4 31. exf4 Rc6 32. Nd5+ Kd7 33. Rb8 Bxa5 34. Rxb7+ Kc8 35. Re7 Rc1+ 36.
Kf2 Rc2+ 37. Kf3 Be6 38. Nd6+ Kd8 39. Nxf7+ Bxf7 40. Rxf7 h5 41. f5 Ke8 42. Re7+ Kf8 43.
f6 Rc5 44. Nf4 Rf5 45. Ke4 Rxf6 46. Re6 Rf7 47. Re5 h4 48. Rxa5 Re7+ 49. Re5 Rb7 50. Rf5+ Kg7 51. Nd5 Rb2 52. Rg5+ Kh6 53. Rg4 Kh5 54.
Nf6+ Kh6 55. Kf5 Rf2+ 56. Rf4 Rxg2 57. Rxh4+ Kg7 58. Rh7+ Kf8 59. Ng4 Rg1 60. Kg5 Ra1 61. h3 Kg8 62. Kh4 Kxh7 63. Nf2 Kg6 64. Ng4 Ra4 65. Kg3 Kg5 66. Nh2 Ra3+ 67. Nf3+ Kf5 68. h4 Rb3 69. h5 Ra3 0-1

[Event "Early-Titled-Tuesday-Blitz-April-16-2024"]
[Site "Chess.com"]
[Date "2024.04.16"]
[Round "4"]
[White "LevonAronian"]
[Black "Zhigalko_Sergei"]
[Result "0-1"]
[WhiteElo "3070"]
[BlackElo "2908"]
[TimeControl "180+1"]
[EndTime "8:41:26 PDT"]
[Termination "Zhigalko_Sergei won by resignation"]

1. e4 c5 2. Nf3 Nc6 3. Bb5 Nf6 4. Bxc6 dxc6 5. d3 Bg4 6. h3 Bh5 7. Nbd2 Qc7 8. Nc4 Nd7 9. g4 Bg6 10. Nh4 b5 11. Ne3 e6 12. O-O Be7 13. Neg2 f6 14. Qe2 Bf7 15. f4 O-O 16. c4 a5 17.
Bd2 a4 18. Bc3 Rad8 19. Rae1 Bd6 20. b3 Ra8 21. Qb2 b4 22. Bd2 axb3 23. axb3 Ra3 24. Nf3 Rfa8 25. e5 Be7 26. Bc1 Ra2 27. Qb1 Bg6 28. Bb2 f5 29. g5 Bh5 30. Ngh4 Nf8 31.
Rf2 Ng6 32. Nxg6 Bxg6 33. Nh4 Bh5 34. Ng2 Qd7 35. Ne3 h6 36. h4 R2a7 37. Kg2 Rd8 38.
Rd2 Qe8 39. Kg3 Rad7 40. Rh1 Qg6 41. Qf1 hxg5 42. hxg5 Bxg5 43. fxg5 Qxg5+ 44. Kf2 Qf4+ 45. Kg2 Qxe3 46. Bc1 Rxd3 47. Rxd3 Qxd3 48. Qxd3 Rxd3 49. Rxh5 Rxb3 50. Rh3 Rb1 51. Be3 b3 52. Bxc5 g5 53. Rd3 Kf7 54. Rd7+ Kg6 55. Re7 b2 56. Rxe6+ Kh5 57. Bd4 Rg1+ 58. Bxg1 b1=Q 59. Re8 Qe4+ 60. Kf1 Qxc4+ 61. Ke1 Qe4+ 62. Kd2 Kg4 63. Bb6 Qd5+ 64. Kc3 Qb5 65. Bc7 Qc5+ 66. Kd3 Qd5+ 67. Kc3 Qc5+ 68. Kd3 f4 69. Rd8 Qb5+ 70. Kd4 Qb4+ 71. Kd3 Qb3+ 72. Kd4 f3 73. Bd6 f2 74. Rf8 Qd1+ 75. Kc5 f1=Q 76. Rxf1 Qxf1 77. Kxc6 Kf5 78. Kd7 Qc4 0-1

[Event "Early-Titled-Tuesday-Blitz-April-16-2024"]
[Site "Chess.com"]
[Date "2024.04.16"]
[Round "4"]
[White "GothamChess"]
[Black "becemix"]
[Result "1/2-1/2"]
[WhiteElo "2655"]
[BlackElo "2497"]
[TimeControl "180+1"]
[EndTime "8:41:28 PDT"]
[Termination "Game drawn by repetition"]

1. e4 e5 2. Nc3 d5 3. d4 dxe4 4. d5 f5 5. f3 Bc5 6. fxe4 Nf6 7.
Bg5 h6 8. Bxf6 Qxf6 9. Nf3 O-O 10. Bd3 f4 11. Qe2 Be3 12. Nd1 Bb6 13. Nc3 Nd7 14. O-O-O Nc5 15. Bc4 Kh8 16. Kb1 Bd7 17. Rdf1 Na4 18.
Nxa4 Bxa4 19. g3 Be3 20. g4 Bd7 21. Qg2 b5 22. Bd3 c5 23. g5 hxg5 24. Nxg5 c4 25. Be2 c3 26. Bg4 Qxg5 27. Qh3+ Qh6 28. Bxd7 Qxh3 29. Bxh3 cxb2 30. d6 f3 31. Bg4 f2 32.
d7 Bd2 33. Kxb2 Be1 34. Rxe1 fxe1=Q 35. Rxe1 Rad8 36. Rd1 g6 37. Rd5 Rf4 38. Rxe5 Kg7 39. h3 a6 40. Re7+ Rf7 41. Re8 Rf8 42. Re5 Rf4 43. Kb3 Kf7 44. c3 Rf6 45. Rd5 Rc6 46. e5 Ke7 47. e6 Rxe6 48. Bxe6 Kxe6 49. Rg5 Kf6 50. Rd5 Ke6 51. Rg5 Kf6 52. Rc5 Rxd7 53. Rc6+ Kf5 54. Rxa6 Rd3 55. Rb6 Rxh3 56. Rxb5+ Kf4 57. a4 g5 58. a5 g4 59. Rb8 Rh5 60. Kb4 g3 61. Rf8+ Rf5 62. Rg8 Rg5 63. Rf8+ Rf5 64.
Rxf5+ Kxf5 65. a6 g2 66. a7 g1=Q 67. a8=Q Qb1+ 68. Kc5 Qg1+ 69. Kc4 Qf1+ 70. Kb4 Qb1+ 71. Kc4 Qf1+ 72. Kd4 Qg1+ 73. Kd3 Qd1+ 74. Ke3 Qe1+ 75. Kd4 Qg1+ 76. Kc4 Qf1+ 1/2-1/2

[Event "Early-Titled-Tuesday-Blitz-April-16-2024"]
[Site "Chess.com"]
[Date "2024.04.16"]
[Round "4"]
[White "FoggyMorning"]
[Black "ChessboArt"]
[Result "1/2-1/2"]
[WhiteElo "2615"]
[BlackElo "2320"]
[TimeControl "180+1"]
[EndTime "8:41:32 PDT"]
[Termination "Game drawn - insufficient material"]

1. e4 c6 2. d4 d5 3. Nc3 g6 4.
Nf3 Bg7 5. Be2 Bg4 6. exd5 cxd5 7. O-O Nc6 8. h3 Bxf3 9. Bxf3 e6 10. Ne2 Nge7 11. c3 Nf5 12. Nf4 O-O 13. Re1 b5 14. Nd3 b4 15. Qa4 Qb6 16. Nc5 Rfc8 17. Bd2 a5 18.
Rab1 Nd6 19. Bf4 Nb7 20. Nd7 Qd8 21. Ne5 Nxe5 22. Bxe5 Bxe5 23. Rxe5 bxc3 24. bxc3 Nd6 25. Rb3 Nc4 26. Re2 Qc7 27. Rc2 Qc6 28. Qxc6 Rxc6 29.
Be2 a4 30. Rb4 a3 31. Bxc4 Rxc4 32. Rb3 Rca4 33. Kf1 Kf8 34. Ke2 R8a7 35. Kd3 Ke7 36. Rc1 Rc7 37. Rcb1 Kd6 38. Rb6+ Kd7 39. Rb8 Rac4 40.
R1b3 f6 41. Rh8 Kd6 42. Rd8+ Ke7 43. Ra8 e5 44. dxe5 fxe5 45. Raxa3 e4+ 46. Ke3 Ke6 47. Ra6+ Ke5 48. Raa3 Rxc3+ 49. Rxc3 d4+ 50. Kd2 dxc3+ 51. Rxc3 Ra7 52. a3 Kd4 53. Re3 Rb7 54. Kc2 Rc7+ 55.
Kb2 Rb7+ 56. Rb3 Rc7 57. a4 Rc4 58. Ra3 Rb4+ 59. Kc2 Rb6 60. a5 Ra6 61. Kb3 Kd3 62. Kb4+ Ke2 63. Kb5 Ra8 64. Re3+ Kxf2 65. Rxe4 Kxg2 66.
h4 Kg3 67. a6 h6 68. Kb6 g5 69. h5 g4 70. Re6 Kh4 71. Rxh6 g3 72. Rh7 g2 73. Rg7 Kh3 74. h6 Rh8 75. h7 Kh2 76.
a7 g1=Q+ 77. Rxg1 Kxg1 78. Kc6 Kg2 79. Kb7 Rxh7+ 80. Kb8 Rh8+ 81. Kb7 Rh7+ 82. Kb6 Rxa7 83. Kxa7 1/2-1/2

[Event "Early-Titled-Tuesday-Blitz-April-16-2024"]
[Site "Chess.com"]
[Date "2024.04.16"]
[Round "4"]
[White "AsselLesbekova"]
[Black "GP9isback23"]
[Result "1/2-1/2"]
[WhiteElo "2409"]
[BlackElo "2646"]
[TimeControl "180+1"]
[EndTime "8:41:33 PDT"]
[Termination "Game drawn by repetition"]

1. e4 c5 2. Nf3 e5 3. Be2 Nc6 4. c3 Nf6 5. d3 d5 6. exd5 Nxd5 7. O-O Be7 8. d4 cxd4 9. cxd4 e4 10. Nfd2 e3 11.
Nb3 exf2+ 12. Rxf2 O-O 13. Nc3 Be6 14. Bf3 Rc8 15.
Bd2 Bh4 16. g3 Bf6 17. Rc1 Nxd4 18. Bxd5 Bxd5 19. Nxd5 Qxd5 20. Rxc8 Rxc8 21. Bc3 Rd8 22. Nxd4 Bxd4 23. Bxd4 Qxd4 24. Qxd4 Rxd4 25. Rc2 g6 26. Kf2 Rd7 27. Ke3 f6 28. Rc8+ Kf7 29. Ra8 a6 30. Rh8 h5 31. Rb8 Ke6 32. Rg8 Kf5 33. h3 Rc7 34. Kd3 g5 35. Rh8 Kg6 36.
Rg8+ Rg7 37. Rh8 Rd7+ 38. Ke3 Rc7 39. Kd3 f5 40. Rg8+ Rg7 41. Rh8 Rd7+ 42. Ke3 Re7+ 43.
Kf3 Rc7 44. Rg8+ Kf6 45. Rf8+ Kg6 46. Rg8+ Kh6 47. Rh8+ Kg7 48. Rxh5 Kg6 49. Rh8 Rc2 50. Rg8+ Kf6 51. Rf8+ Ke6 52. b4 Rxa2 53. Rb8 Ra3+ 54. Kf2 f4 55. gxf4 gxf4 56. Rxb7 Rxh3 57. Rb6+ Ke5 58.
Rxa6 Rb3 59. Rb6 Kf5 60. Rb8 Rb2+ 61. Kf3 Rb3+ 62. Kf2 Kg4 63. Rg8+ Kf5 64. Rf8+ Ke4 65. Re8+ Kd5 66. Rd8+ Ke6 67. Re8+ Kf6 68. Rb8 Kg5 69. Rg8+ Kf5 70. Rf8+ Ke4 71. Re8+ Kd4 72. Rd8+ Ke5 73.
Re8+ Kd6 74. Rf8 Rxb4 75. Kf3 Ke5 76. Re8+ Kf5 77. Rf8+ Kg5 78. Rg8+ Kh6 79. Rh8+ Kg6 80. Rg8+ Kf5 81. Rf8+ Ke5 82. Re8+ Kf5 83. Rf8+ 1/2-1/2

[Event "Early-Titled-Tuesday-Blitz-April-16-2024"]
[Site "Chess.com"]
[Date "2024.04.16"]
[Round "4"]
[White "LikeWater"]
[Black "Kushch_Nikolai"]
[Result "1/2-1/2"]
[WhiteElo "2580"]
[BlackElo "2382"]
[TimeControl "180+1"]
[EndTime "8:41:33 PDT"]
[Termination "Game drawn by repetition"]

1. e4 c5 2. Nf3 e6 3. d3 Nc6 4. g3 Nf6 5. Bg2 d5 6. Qe2 Be7 7. O-O b6 8. Re1 Bb7 9. h4 h6 10. e5 Nd7 11. h5 Qc7 12. Bf4 O-O-O 13. Nc3 g6 14. Nxd5 exd5 15. e6 Bd6 16. Bxd6 Qxd6 17. exd7+ Qxd7 18. Ne5 Nxe5 19. Qxe5 Rhe8 20. Qf6 gxh5 21. Kh2 Kb8 22. Qxh6 Rxe1 23. Rxe1 Qf5 24. f4 d4 25. Bxb7 Kxb7 26. Re5 Qd7 27. Qf6 Re8 28. Qg5 Rxe5 29. Qxe5 Qg4 30. f5 Ka6 31. Qe4 Qd1 32. Qg2 f6 33. b3 Ka5 34. a3 a6 35. Qf2 Qc1 36. Kh3 Qg5 37. Qf4 Qg8 38. Kh4 Qf7 39.
Qd2+ Kb5 40. Qe2 Qg7 41. Qxh5 a5 42. Qe8+ Ka6 43. Qa8+ Kb5 44. a4+ Kb4 45. Qc6 Kc3 46. Qxb6 Qh6+ 47. Kg4 Qg5+ 48. Kf3 Qxf5+ 49. Kg2 Qd5+ 50.
Kf2 Qf5+ 51. Kg2 Kxc2 52. Qxa5 Kxd3 53. Qe1 Kc2 54. Qe2+ Kxb3 55. a5 d3 56. Qd1+ Kc3 57.
a6 Qe4+ 58. Kg1 Qe2 59. Qa1+ Kc4 60. a7 Qe3+ 61. Kh2 Qf2+ 62. Kh3 Qf5+ 63. Kh4 Qg5+ 64. Kh3 Qf5+ 65. Kg2 Qe4+ 66. Kh2 Qe2+ 67. Kg1 Qe3+ 68. Kh2 Qe2+ 69. Kh1 Qf3+ 70. Kh2 Qf2+ 71. Kh3 Qf5+ 1/2-1/2

[Event "Early-Titled-Tuesday-Blitz-April-16-2024"]
[Site "Chess.com"]
[Date "2024.04.16"]
[Round "4"]
[White "Abund"]
[Black "Dinosaurio_1975"]
[Result "0-1"]
[WhiteElo "2803"]
[BlackElo "2585"]
[TimeControl "180+1"]
[EndTime "8:41:44 PDT"]
[Termination "Dinosaurio_1975 won by resignation"]

1. Nf3 d5 2. b3 Nf6 3. Bb2 Bf5 4. c4 e6 5. g3 h6 6. Bg2 c6 7. O-O Bd6 8. d3 O-O 9. Nbd2 Bh7 10. a3 Nbd7 11. b4 c5 12. Qb3 Qe7 13. Rab1 Rab8 14. Rfc1 b5 15. cxd5 exd5 16. bxc5 Nxc5 17. Qd1 Na4 18.
Bxf6 Qxf6 19. Rb3 Rfc8 20. Rxb5 Nc3 21. Rxb8 Rxb8 22. Qe1 Bxa3 23. Ra1 Nxe2+ 24. Kh1 Bb2 25. Rxa7 Bxd3 26. Bf1 Re8 27. Qd1 Nc3 28. Qb3 Bxf1 29. Qxb2 Be2 30. Kg2 Bd3 31. Rc7 Ne4 32. Qxf6 Nxf6 33. Nd4 Rd8 34. h3 Ne4 35. N2f3 Nd6 36. Ne5 Be4+ 37. f3 Bh7 38. g4 Re8 39. Ndc6 f6 40.
Ne7+ Kf8 41. N5c6 d4 42. Kf2 d3 43. Ke3 Nc4+ 44. Kf2 Ne5 45. Nxe5 fxe5 46. Nc6 e4 47. fxe4 Rxe4 48. Rd7 Re2+ 49. Kf3 Ke8 50. Rd4 Be4+ 51. Kf4 Bxc6 52. Rxd3 Re4+ 53. Kf5 Re7 54. Rd4 Kf7 55.
h4 Bd7+ 56. Kf4 Be6 57. g5 g6 58. gxh6 Kf6 59. Rd6 Rh7 60. Kg3 Rxh6 61. Rd4 Ke5 62. Rd1 Rh8 63. Re1+ Kf6 64. Rf1+ Bf5 65. Rc1 Rd8 66.
Rc6+ Kg7 67. Rc4 Rd3+ 68. Kf4 Rh3 69. Ke5 Kh6 70. Kf6 Kh5 71. Rc1 Rxh4 72. Rg1 Re4 73. Rg5+ Kh4 74. Rg1 Re6+ 75. Kg7 g5 76. Rf1 Be4 77.
Kf7 Ra6 78. Re1 Bd5+ 79. Kg7 g4 80. Re5 Bf3 81. Re6 Rxe6 0-1

[Event "Early-Titled-Tuesday-Blitz-April-16-2024"]
[Site "Chess.com"]
[Date "2024.04.16"]
[Round "4"]
[White "TERMINATOR_PC"]
[Black "ActorXu"]
[Result "1/2-1/2"]
[WhiteElo "2591"]
[BlackElo "2843"]
[TimeControl "180+1"]
[EndTime "8:41:45 PDT"]
[Termination "Game drawn - insufficient material"]

1. e4 c5 2. Nf3 Nc6 3. d4 cxd4 4. Nxd4 e6 5. Nc3 Qc7 6. Qd3 a6 7. Nxc6 Qxc6 8. Qg3 b5 9. Bd3 Bb7 10. Bd2 Ne7 11. h4 h5 12. O-O-O Ng6 13. f4 O-O-O 14. Kb1 Qc7 15. e5 Ne7 16. Qf2 Nd5 17. Nxd5 Bxd5 18.
Rc1 Bc5 19. Qe2 Bc6 20. b4 Be7 21. c4 Qb7 22. cxb5 axb5 23. Rc3 Kb8 24. Ra3 Rc8 25. Be3 Bxb4 26. Ra7 Qxa7 27. Bxa7+ Kxa7 28. Rc1 Ba3 29. Rc3 b4 30. Rxa3+ bxa3 31. Qe3+ Ka8 32. Bc4 Rc7 33. Qxa3+ Ra7 34. Qd6 Rc8 35. Bb3 Bxg2 36. Kb2 g6 37. Qd2 Be4 38. Qd4 Bc6 39. Qd6 Rb8 40. Qe7 d5 41. Qd6 Ba4 42. Qc5 Bd7 43. Qd6 Rc8 44. Qb4 Bc6 45. Qd6 Bb7 46. Qb4 Ra6 47. Qe7 Rac6 48. Qxf7 d4 49. Qd7 d3 50. Qxd3 Rf8 51. Qxg6 Rxf4 52. Qxh5 Rf2+ 53. Ka3 Rb6 54. Qe8+ Ka7 55.
Qd8 Ra6+ 56. Kb4 Rf4+ 57. Kc3 Rc6+ 58. Kd2 Rf2+ 59. Ke3 Rh2 60. Qa5+ Kb8 61. Qd8+ Bc8 62. Qg5 Rc3+ 63. Kd4 Rhh3 64. Qg6 Rcf3 65. Bxe6 Rxh4+ 66. Kc5 Rc3+ 67. Kd6 Rd4+ 68. Bd5 Rcd3 69. Qg8 Rxd5+ 70. Qxd5 Rxd5+ 71. Kxd5 Kc7 72. Kc5 Be6 73. a4 Bb3 74. a5 Kb7 75. Kb4 Ba2 76. Ka3 Bf7 77. Kb4 Be6 78. Kc5 Ka6 79. Kd6 Bb3 80. e6 Bxe6 81.
Kxe6 Kxa5 1/2-1/2

[Event "Early-Titled-Tuesday-Blitz-April-16-2024"]
[Site "Chess.com"]
[Date "2024.04.16"]
[Round "4"]
[White "temiksmozg"]
[Black "Hudijegszid"]
[Result "1-0"]
[WhiteElo "2659"]
[BlackElo "2461"]
[TimeControl "180+1"]
[EndTime "8:41:51 PDT"]
[Termination "temiksmozg won by checkmate"]

1. d4 d5 2. c4 e6 3. Nc3 a6 4. cxd5 exd5 5. Nf3 h6 6. Qc2 Nf6 7. h3 Bd6 8. e3 O-O 9. Bd3 Nc6 10. a3 Ne7 11. O-O g6 12. e4 dxe4 13. Nxe4 Nxe4 14.
Bxe4 Kg7 15. Bd2 Bf5 16. Bc3 Nd5 17. Bxf5 gxf5 18. Qxf5 c6 19. Ne5 Qf6 20. Qg4+ Qg5 21. Qf3 Qf4 22. Qxf4 Nxf4 23. Nc4 Be7 24. d5+ Bf6 25.
Bxf6+ Kxf6 26. dxc6 bxc6 27. Rfd1 Rad8 28. h4 Rd5 29.
Ne3 Rxd1+ 30. Rxd1 Ke6 31. g3 Nd5 32. Nc4 Rb8 33. Kg2 Rb3 34. Re1+ Kf6 35. Re2 Nb6 36. Na5 Rb5 37. Nxc6 Nc4 38. b4 Nxa3 39. Ra2 Rb6 40. Na5 Nb1 41. Nc4 Rxb4 42. Rxa6+ Kg7 43. Ne5 Rb7 44. Ng4 h5 45. Ne3 Nc3 46. Nf5+ Kg8 47. Rh6 Ne4 48. Kf3 Nd2+ 49. Ke2 Ne4 50. Ke3 Nc3 51. Rxh5 Nd5+ 52. Kf3 Rb3+ 53. Kg2 f6 54. Nh6+ Kg7 55. Rxd5 Kxh6 56. Rf5 Kg6 57. g4 Rb4 58. h5+ Kg7 59. f3 Rb2+ 60. Kg3 Rb1 61. Rd5 Rg1+ 62. Kf4 Re1 63. Kf5 Re7 64. f4 Ra7 65. Rb5 Rc7 66. Rd5 Ra7 67. g5 fxg5 68. fxg5 Rb7 69. h6+ Kg8 70. Kg6 Rb6+ 71. Kh5 Rb8 72. Rd7 Ra8 73. Rd6 Rb8 74. Kg6 Ra8 75. Re6 Rb8 76. Rd6 Ra8 77. Kf6 Rf8+ 78. Ke5 Kh7 79. Rd7+ Kg8 80. Rg7+ Kh8 81. Re7 Rg8 82. Kf6 Rf8+ 83. Rf7 Ra8 84. g6 Ra6+ 85. Kg5 Ra5+ 86. Rf5 Ra8 87. g7+ Kg8 88. Kg6 Ra6+ 89. Rf6 Re6 90. h7# 1-0

[Event "Early-Titled-Tuesday-Blitz-April-16-2024"]
[Site "Chess.com"]
[Date "2024.04.16"]
[Round "4"]
[White "OparinGrigoriy"]
[Black "MyDream003"]
[Result "1-0"]
[WhiteElo "2982"]
[BlackElo "2798"]
[TimeControl "180+1"]
[EndTime "8:41:53 PDT"]
[Termination "OparinGrigoriy won on time"]

1. Nc3 Nf6 2. e4 e5 3. Bc4 Nxe4 4. Qh5 Nd6 5. Bb3 Be7 6. Qxe5 O-O 7. Nf3 Nc6 8. Qf4 Na5 9. O-O Nxb3 10.
axb3 Ne8 11. Re1 Bd6 12. Qd4 b6 13. d3 Bb7 14. Bg5 f6 15. Qc4+ Kh8 16. Bh4 Bxf3 17. gxf3 c6 18. Bg3 Bxg3 19. hxg3 Nd6 20. Qf4 Nf7 21.
Kg2 a5 22. Ne2 Qb8 23. Qf5 Ra7 24. Nf4 Nh6 25. Qh5 d5 26. Re6 Qc8 27. Rae1 Raf7 28.
d4 b5 29. c3 Qc7 30. Nd3 Kg8 31. Nc5 Qc8 32. Qh3 Kh8 33. f4 Kg8 34. f5 Kh8 35. g4 Kg8 36. Qg3 Rc7 37. f3 Nf7 38. R6e2 Ng5 39.
f4 Ne4 40. Nxe4 dxe4 41. Rxe4 Rd7 42. Qf2 Qc7 43. Re6 Rd6 44. Kg3 Rd7 45. Qf3 c5 46.
d5 c4 47. bxc4 Qxc4 48. d6 Qc5 49. Rd1 Rfd8 50. Qd5 Qxd5 51. Rxd5 b4 52. c4 a4 53. c5 a3 54. bxa3 bxa3 55. c6 a2 56. Ra5 Rxd6 57.
Rxa2 Rd3+ 58. Kf2 Rc3 59. Ke2 h6 60. Ra7 Rc8 61. Ree7 R8xc6 62. Rxg7+ Kf8 63. Rgf7+ Kg8 64. Rfd7 Rc2+ 65. Kf3 R2c3+ 66. Ke4 R3c4+ 67. Rd4 Rxd4+ 68.
Kxd4 Kf8 69. Rh7 Rc1 70. Rxh6 Kf7 71. Rh7+ Kg8 72. Rh6 Kg7 73. Rg6+ Kf7 74. g5 1-0

[Event "Early-Titled-Tuesday-Blitz-April-16-2024"]
[Site "Chess.com"]
[Date "2024.04.16"]
[Round "4"]
[White "GeorgiosSouleidis"]
[Black "ccccvhhhj"]
[Result "1-0"]
[WhiteElo "2657"]
[BlackElo "2442"]
[TimeControl "180+1"]
[EndTime "8:41:54 PDT"]
[Termination "GeorgiosSouleidis won on time"]

1. e4 e6 2. d4 d5 3. Nc3 Bb4 4. Ne2 Nc6 5. exd5 exd5 6. a3 Ba5 7. b4 Bb6 8. Na4 Bg4 9. c3 Nf6 10. f3 Bf5 11. Ng3 Bg6 12. h4 Qd6 13. Kf2 h6 14. Bd3 O-O 15. h5 Bxd3 16. Qxd3 Rfe8 17. Bd2 Re6 18.
Nc5 Bxc5 19. bxc5 Qd7 20. a4 Rae8 21. a5 b6 22. axb6 axb6 23. cxb6 cxb6 24. Rab1 Na5 25. Rhe1 Nc4 26. Rxe6 Rxe6 27. Bf4 Qa4 28. Kg1 Qa2 29. Kh2 Qf2 30. Qf1 Qc2 31. Qc1 Qa2 32. Ra1 Qf2 33. Ra8+ Re8 34. Rxe8+ Nxe8 35. Qb1 Nf6 36. Qf5 Ne3 37. Qc8+ Kh7 38. Bxe3 Qxe3 39. Qf5+ Kg8 40. Qc8+ Kh7 41. Qc7 Qe6 42. Qf4 Kg8 43. Qb8+ Kh7 44. Qe5 Qc6 45. Qf5+ Kg8 46. Qd3 b5 47. Nf5 Qc7+ 48. g3 Qd7 49. g4 Ne8 50. Kg2 Nd6 51.
Nxd6 Qxd6 52. Qxb5 Qe6 53. Qf1 Qe3 54. Qa1 Qd2+ 55.
Kg3 Qe3 56. Qa8+ Kh7 57. Qxd5 Qxc3 58. Qf5+ Kg8 59. Qe4 Qc1 60. d5 Qg1+ 61. Kf4 Qh2+ 62. Ke3 Qg1+ 63. Kd3 Qd1+ 64. Kc4 Qa4+ 65. Kc5 Qa5+ 66.
Kc6 Qa6+ 67. Kc5 Qa5+ 68. Kd4 Qb4+ 69. Ke5 Qe7+ 70. Kf4 Qd6+ 71. Qe5 Qb4+ 72. Kg3 Qb1 73. Qe8+ Kh7 74. Qe4+ Qxe4 75. fxe4 Kg8 76. e5 Kf8 77. Kf4 Ke7 78. Kf5 Kd7 79. g5 hxg5 80. Kxg5 Ke7 81. Kf5 Kd7 82. e6+ fxe6+ 83. dxe6+ Ke7 84. Ke5 Kf8 85. Kd6 Ke8 86. e7 g6 87. h6 Kf7 88.
Kd7 g5 89. e8=Q+ 1-0

[Event "Early-Titled-Tuesday-Blitz-April-16-2024"]
[Site "Chess.com"]
[Date "2024.04.16"]
[Round "4"]
[White "Denisenko_Denis"]
[Black "kritipatel"]
[Result "1/2-1/2"]
[WhiteElo "2427"]
[BlackElo "2163"]
[TimeControl "180+1"]
[EndTime "8:42:00 PDT"]
[Termination "Game drawn - timeout vs insufficient material"]

1. d4 d5 2. Bf4 Nf6 3. e3 c5 4. c3 Nc6 5. Nd2 e6 6. Ngf3 Bd6 7. Bg3 O-O 8. Bd3 b6 9. e4 dxe4 10. Nxe4 Nxe4 11. Bxe4 Bb7 12. dxc5 Bxc5 13. Qa4 Na5 14.
Rd1 Qe8 15. Bxh7+ Kxh7 16. Qh4+ Kg8 17. Ng5 Be4 18. Qxe4 f5 19. Qh4 Qg6 20. b4 Be7 21. f4 Nc4 22. Rd4 Ne3 23. Kf2 Ng4+ 24. Kf3 Rad8 25. Rhd1 Rxd4 26. Rxd4 e5 27. Rd7 Qc6+ 28.
Ke2 Bxg5 29. Rxg7+ Kxg7 30. Qxg5+ Qg6 31. Qe7+ Rf7 32.
Qd8 exf4 33. Bxf4 Qe6+ 34. Kf3 Qe4+ 35. Kg3 Qe6 36. h3 Rd7 37. Qg5+ Qg6 38. hxg4 Qxg5 39.
Bxg5 Rd3+ 40. Kf4 fxg4 41. Kf5 Kf7 42. c4 Rd4 43. c5 Rxb4 44. cxb6 axb6 45. Bf4 Rb2 46.
a3 Ra2 47. Kxg4 Rxa3 48. Kf5 Rb3 49. g4 b5 50. Ke4 Rb1 51. Kd3 Rb4 52. Bd6 Rxg4 53.
Kc3 Rg5 54. Kb4 Ke6 55. Bc5 Kd5 56. Kxb5 Rg8 57. Be3 Rb8+ 58. Ka6 Kc6 59. Ka7 Rb3 60. Bf2 Ra3+ 61. Kb8 Rf3 62. Bg1 Rf8+ 63. Ka7 Rf7+ 64. Ka8 Rg7 65. Bd4 Rd7 66. Be3 Kc7 67. Bf4+ Kc6 68.
Be3 Rf7 69. Bg1 Kc7 70. Bh2+ Kc8 71. Bg1 Rf1 72. Bd4 Rd1 73. Ba7 Kc7 74. Bf2 Rd8+ 75. Ka7 Rd2 76. Bg3+ Kc6 77. Ka8 Ra2+ 78. Kb8 Ra3 79.
Bf4 Rf3 80. Bh2 Rf2 81. Bg3 Rf3 82. Bh2 Rf8+ 83. Ka7 Rh8 84. Bg3 Rh3 85. Bf4 Rh4 86. Bg3 Rb4 87. Ka8 Rb5 88. Bf2 1/2-1/2

[Event "Early-Titled-Tuesday-Blitz-April-16-2024"]
[Site "Chess.com"]
[Date "2024.04.16"]
[Round "4"]
[White "VinzentSpitzl"]
[Black "Andrei_Skvortsov"]
[Result "1/2-1/2"]
[WhiteElo "2457"]
[BlackElo "2649"]
[TimeControl "180+1"]
[EndTime "8:42:20 PDT"]
[Termination "Game drawn by repetition"]

1. d4 g6 2. Nf3 Bg7 3. c4 e6 4. Nc3 Ne7 5. e3 d5 6. b3 c5 7. Bb2 cxd4 8. exd4 O-O 9. Be2 Nbc6 10. cxd5 exd5 11. O-O h6 12. h3 Nf5 13. Na4 Nd6 14. Nc5 Ne4 15. Rc1 Re8 16. Bb5 Nd6 17. Bxc6 bxc6 18. Re1 Bf5 19. Rxe8+ Qxe8 20. Qd2 Ne4 21.
Nxe4 Bxe4 22. Ne5 Rc8 23. Re1 Qd8 24. Qf4 Qf6 25. Qxf6 Bxf6 26. f3 Bf5 27. g4 Bh4 28. Rc1 Bg5 29. gxf5 Bxc1 30. Bxc1 c5 31. fxg6 fxg6 32.
dxc5 Rxc5 33. Bxh6 Rc2 34. Be3 Rxa2 35. Nxg6 Ra3 36.
Ne7+ Kf7 37. Nxd5 a5 38. Kf2 Rxb3 39. Ke2 a4 40. Kd2 a3 41. Nc3 Ke6 42. Bd4 Rb2+ 43.
Kd3 a2 44. Nxa2 Rxa2 45. Ke4 Rh2 46. f4 Rxh3 47. f5+ Kf7 48. Be3 Rh4+ 49. Ke5 Ra4 50. Bd4 Ra6 51. Ke4 Ra5 52. Kf4 Kg8 53. Kg5 Kf7 54. Bc3 Rd5 55. Bb2 Rd3 56. Be5 Re3 57. Bd4 Re2 58. Bc3 Ke7 59. Bd4 Rg2+ 60. Kf4 Kd6 61. Bc3 Rc2 62. Ba1 Ke7 63. Be5 Kf7 64.
Bd4 Rg2 65. Bc3 Re2 66. Bd4 Kg8 67. Bc3 Kh7 68. Kg5 Rc2 69. Bd4 Kg8 70. Kf6 Rc4 71. Be5 Kf8 72. Ke6 Ra4 73. f6 Ra7 74. Bd6+ Ke8 75.
Be7 Ra6+ 76. Kf5 Kf7 77. Ke5 Re6+ 78. Kf5 Rc6 79. Ke5 Ra6 80. Kf5 Ra1 81. Ke5 Rf1 82.
Kd5 Re1 83. Kd6 Re6+ 84. Kd5 Re2 85. Kd6 Ke8 86. Kd5 Kd7 87. Kd4 Ke6 88. Kd3 Re1 89.
Kd2 Rf1 90. Kd3 Rf5 91. Kd4 Rd5+ 92. Kc4 Rh5 93. Kd4 Rf5 94. Ke4 Rf1 95. Kd4 Rf2 96.
Ke3 Ra2 97. Kd4 Ra5 98. Kc4 Rh5 99. Kd4 Kd7 100. Ke4 Ke6 101. Kd4 1/2-1/2

[Event "Early-Titled-Tuesday-Blitz-April-16-2024"]
[Site "Chess.com"]
[Date "2024.04.16"]
[Round "4"]
[White "amanjazu"]
[Black "M1711"]
[Result "1/2-1/2"]
[WhiteElo "2534"]
[BlackElo "2701"]
[TimeControl "180+1"]
[EndTime "8:42:45 PDT"]
[Termination "Game drawn - insufficient material"]

1. g3 d5 2. f4 c5 3. Nf3 Nc6 4.
Bg2 g6 5. O-O Bg7 6. d3 Nf6 7.
Nc3 d4 8. Ne4 Nxe4 9. dxe4 c4 10. e3 Qb6 11. e5 Bg4 12. exd4 Bxf3 13. Bxf3 Nxd4 14. Be3 Nxf3+ 15. Qxf3 Qxb2 16. Rfb1 Qxc2 17. Rxb7 O-O 18. Rxe7 Qb2 19. Rc1 Qxa2 20. Bc5 Rfd8 21. f5 Qb3 22. Qf4 Rd1+ 23. Rxd1 Qxd1+ 24. Kg2 Qd5+ 25. Qf3 Qxf3+ 26. Kxf3 gxf5 27. Rc7 Bxe5 28. Rc6 a5 29. Be3 c3 30. Bc1 a4 31. Ba3 Kg7 32. Rc4 Ra5 33. Ke2 Bf6 34. Kd3 Rd5+ 35. Ke3 Re5+ 36. Kf3 Rd5 37.
Rxa4 Rd2 38. Rc4 Rxh2 39. Bb4 Rb2 40. Ba5 Ra2 41. Bb4 c2 42. Bd2 Rb2 43. Ke3 Rb3+ 44.
Kf4 Rb2 45. Kxf5 h6 46. Rc6 Rb5+ 47. Ke4 Re5+ 48. Kd3 Rd5+ 49. Kxc2 Be5 50. Bxh6+ Kh7 51. g4 Rd4 52. g5 Rg4 53. Kd3 Bb2 54. Rc7 Kg6 55.
Rc6+ f6 56. Ke2 Be5 57. Kf3 Rf4+ 58. Ke3 Rh4 59. Bf8 Kxg5 60. Be7 Kf5 61. Kf3 Rh3+ 62. Kg2 Rb3 63. Bd8 Rd3 64. Be7 Rd7 65. Bc5 Ke4 66.
Bf2 f5 67. Rc4+ Kd5 68. Rc2 Ke6 69. Kf3 Rd3+ 70. Ke2 Rb3 71. Rc6+ Kd5 72. Rc5+ Ke4 73. Rc4+ Kd5 74. Rc5+ Kd6 75. Ra5 f4 76. Bc5+ Ke6 77.
Bf2 Kf6 78. Ra6+ Kf5 79. Ra5 Rb2+ 80. Kf3 Rb3+ 81. Ke2 Ke4 82. Ra4+ Kd5 83. Ra5+ Kd6 84. Bc5+ Ke6 85. Bf2 f3+ 86. Kd1 Rb1+ 87. Kd2 Bf4+ 88. Kd3 Rb2 89. Ke4 Bc7 90. Ra7 Rxf2 91. Rxc7 Rf1 92.
Rc3 f2 93. Kf3 Kd5 94. Rc2 Ra1 95. Rxf2 Ra3+ 96. Kg2 Ra4 97. Rd2+ Rd4 98. Rf2 Ke4 99. Kg3 Rd3+ 100. Kg4 Ke3 101. Rf3+ Ke4 102. Rxd3 Kxd3 1/2-1/2